Map: [ESL] Goldenaura

Players

ByuN - Winner!

  • Race: Terran Terran
  • Spawn Location: 12:00

SHIN

  • Race: Zerg Zerg
  • Spawn Location: 5:00

Event: IEM Katowice 2024

VOD

Have the link to the VOD?

Description

Time

  • Played on: Dec. 6, 2023, 4:59 a.m.
  • Length: 19:40

All games in this series

Show
View Real Time Build Order
Export as new Build Order

ByuN Terran - Winner!

Build Orders: Command Center First, Hellion Banshee 

Get SALT Encoding   

  12  0:00  SCV  
  13  0:12  SCV  
  14  0:17  Supply Depot  
  14  0:24  SCV  
  15  0:39  SCV  
  16  0:51  SCV  
  17  0:59  Command Center  
  17  1:03  SCV  
  18  1:13  Barracks  
  18  1:16  SCV  
  19  1:21  Refinery  
  19  1:28  SCV  
  19  1:29  Refinery  
  20  1:40  SCV  
  21  1:52  SCV  
  22  2:00  Marine  
  23  2:04  Orbital Command  
  23  2:07  Factory  
  23  2:14  Orbital Command  
  23  2:18  Barracks Reactor  
  23  2:24  Supply Depot  
  23  2:29  SCV  
  24  2:41  SCV x2  
  26  2:50  Starport  
  26  2:57  SCV x2  
  28  3:04  Barracks Tech Lab, Hellion x2  
  32  3:08  Supply Depot  
  32  3:09  SCV x2  
  34  3:21  SCV  
  34  3:22  SCV  
  34  3:26  Hellion x2  
  40  3:31  Barracks Tech Lab, Supply Depot  
  40  3:33  Banshee, Cloaking Field  
  43  3:38  SCV x2  
  45  3:49  Marine  
  45  3:50  Stimpack, SCV x2  
  45  3:55  Hellion, Supply Depot  
  50  3:57  Hellion  
  50  4:02  SCV x2  
  54  4:06  Marine  
  55  4:14  SCV x2  
  57  4:24  Marine  
  57  4:26  Barracks, SCV x2  
  57  4:29  Barracks, Engineering Bay, Factory Reactor, Refinery  
  57  4:30  Supply Depot  
  60  4:38  SCV x2  
  60  4:42  Marine  
  60  4:44  Supply Depot  
  63  4:50  SCV x2  
  65  5:00  Marine  
  65  5:02  SCV  
  65  5:03  SCV  
  65  5:05  Starport Reactor  
  66  5:08  Barracks x2  
  66  5:12  Terran Infantry Weapons Level 1  
  66  5:13  Supply Depot  
  66  5:14  Marine x2  
  66  5:15  Siege Tank, SCV x2  
  66  5:18  Marine  
  74  5:24  Marine x2  
  74  5:27  Refinery  
  76  5:29  Combat Shield, Supply Depot  
  76  5:32  Marine x2  
  79  5:35  SCV x2  
  79  5:36  Marine  
  79  5:42  Marine x2  
  82  5:45  Medivac  
  85  5:50  Marine x2  
  85  5:53  Marine  
  85  5:54  Medivac  
  85  5:56  Siege Tank  
  91  5:57  Marine x2  
  91  6:00  Marine x2  
  91  6:02  Supply Depot  
  95  6:08  Marine x2  
  97  6:11  Marine  
  97  6:15  Marine x2  
  97  6:18  Marine x2  
  102  6:24  Medivac  
  104  6:26  Marine x2  
  104  6:28  Medivac  
  104  6:29  Marine  
  104  6:30  Supply Depot  
  109  6:33  Marine  
  110  6:44  Supply Depot  
  110  6:47  Siege Tank, Marine x5  
  110  6:52  Marine x2  
  120  7:04  Marine x5  
  123  7:10  Marine x2  
  104  7:18  Medivac  
  104  7:19  Siege Tank  
  104  7:22  Marine x5  
  105  7:27  Marine x2, Medivac  
  114  7:32  Supply Depot  
  114  7:35  Terran Infantry Armor Level 1  
  114  7:40  Marine x5  
  114  7:41  Supply Depot  
  119  7:45  Marine x2  
  119  7:47  Liberator  
  124  7:57  Liberator  
  124  7:58  Marine x5  
  132  8:03  Marine x2  
  131  8:10  Siege Tank  
  126  8:16  Marine x4  
  126  8:17  Marine  
  126  8:18  Command Center  
  128  8:21  Marine x2  
  127  8:33  Marine x4  
  125  8:35  Marine  
  125  8:36  Medivac  
  125  8:39  Marine x2  
  123  8:42  Siege Tank  
  121  8:51  Marine x4  
  121  8:52  Marine  
  112  8:56  Marine x2  
  106  9:09  Marine x4  
  109  9:10  Liberator x2, Marine  
  109  9:14  Marine x2  
  106  9:27  Marine x4  
  97  9:31  Siege Tank  
  97  9:32  Marine  
  97  9:33  Barracks Tech Lab x2  
  97  9:34  SCV x2  
  101  9:45  Marine x4  
  105  9:46  SCV  
  105  9:48  SCV  
  105  9:50  Marine  
  108  9:53  Concussive Shells  
  108  9:56  Marauder x2  
  108  9:57  Orbital Command  
  112  10:12  Marauder  
  114  10:14  Marine x3  
  114  10:15  Marine  
  114  10:17  Marauder  
  114  10:20  Armory  
  120  10:22  Engineering Bay  
  120  10:23  Siege Tank  
  120  10:24  Marauder  
  125  10:32  Marine x3  
  125  10:33  Marine  
  125  10:34  Marauder  
  131  10:38  Marine  
  131  10:40  Medivac x2  
  136  10:45  Marine  
  134  10:50  Marine x4  
  134  10:55  Marauder  
  134  10:56  Marauder  
  142  11:03  Marauder  
  133  11:07  Marine x2  
  133  11:08  Marine x2  
  127  11:12  Siege Tank  
  127  11:13  Terran Infantry Weapons Level 2, Terran Infantry Armor Level 2  
  127  11:16  Marine  
  127  11:17  Marine  
  132  11:21  Medivac  
  132  11:24  Marine  
  132  11:25  Marine x3  
  135  11:26  Marine  
  139  11:34  Marauder  
  139  11:36  Marauder  
  143  11:42  Marauder  
  143  11:43  Marine x2  
  147  11:52  Marine x2  
  136  11:55  Siege Tank  
  136  11:56  Marauder  
  136  11:57  Marauder  
  136  12:01  Medivac, Marine x2  
  127  12:03  Marine  
  123  12:10  Marine x2  
  118  12:16  Marine  
  118  12:18  Marine  
  118  12:19  Marine x2  
  118  12:21  Marine, Refinery  
  123  12:23  Refinery  
  123  12:24  Terran Vehicle Weapons Level 1  
  123  12:27  Widow Mine  
  123  12:28  Marine x2  
  127  12:35  Marauder  
  127  12:36  Marine, Marauder  
  131  12:39  Marauder, Marine  
  126  12:45  Marine  
  126  12:46  Marine  
  126  12:48  Siege Tank  
  126  12:54  Marine  
  126  12:56  Marine, Marauder  
  126  12:58  Medivac x2, Marauder  
  128  13:00  Marine  
  128  13:03  Marine x2  
  128  13:04  SCV x2  
  138  13:12  Marine  
  129  13:14  Marine  
  129  13:18  Marine, Marauder  
  133  13:20  Siege Tank  
  133  13:21  Marauder  
  138  13:28  Orbital Command  
  138  13:32  Marine x3  
  138  13:33  Missile Turret, Marine  
  142  13:34  Missile Turret  
  142  13:36  Marauder  
  142  13:39  Marauder  
  146  13:43  Marauder  
  143  13:50  Marine x2  
  143  13:55  Marine x2  
  149  13:58  Marauder  
  149  14:00  Marauder  
  149  14:02  Siege Tank  
  153  14:03  Marine  
  153  14:08  Marine x2  
  156  14:13  Marine x2  
  156  14:16  Liberator x2  
  164  14:21  Marine  
  165  14:25  Marauder x2  
  165  14:26  Marine x2  
  165  14:30  Marine  
  165  14:31  Marine  
  160  14:39  Marine  
  160  14:43  Marine  
  151  14:46  Marauder x2  
  151  14:48  Marine x3  
  150  14:57  Marauder  
  148  15:01  Marine  
  148  15:06  Marine x3  
  151  15:07  Marine  
  151  15:08  Barracks, Command Center, Marauder  
  151  15:09  Barracks x2  
  151  15:10  Terran Infantry Weapons Level 3  
  151  15:11  Sensor Tower  
  154  15:15  Missile Turret  
  154  15:19  Marauder  
  156  15:23  Marine  
  156  15:24  Marine  
  156  15:26  Marauder  
  160  15:30  Siege Tank, Marauder  
  160  15:32  Marine x2  
  167  15:40  Marauder  
  167  15:41  Marine x2  
  171  15:45  Factory  
  171  15:46  Marine  
  171  15:47  Refinery  
  172  15:51  Marine  
  173  16:00  Supply Depot x2  
  173  16:01  Supply Depot  
  173  16:02  Marine x3  
  173  16:03  Siege Tank  
  179  16:09  Terran Infantry Armor Level 3  
  179  16:13  Barracks Tech Lab  
  179  16:14  Barracks Tech Lab  
  179  16:15  Barracks Reactor  
  179  16:26  Marine  
  179  16:27  Marine  
  179  16:29  Factory Reactor  
  181  16:32  Marine  
  181  16:33  Marine  
  181  16:34  Marine x2  
  182  16:40  Marauder x2  
  182  16:41  Marauder  
  182  16:44  Marine x2  
  190  16:51  Widow Mine  
  190  16:52  Marauder  
  187  16:58  Marauder  
  187  17:01  Marine x2  
  191  17:02  Marauder x2  
  191  17:06  Missile Turret  
  195  17:08  Missile Turret  
  195  17:17  Ghost Academy  
  195  17:22  Terran Vehicle And Ship Armor Level 1  
  195  17:24  Planetary Fortress, Widow Mine  
  195  17:25  Widow Mine  
  189  17:48  Ghost x5  
  200  17:51  Widow Mine  
  200  17:56  Command Center  
  200  18:03  Command Center  
  193  18:22  Ghost x3  
  173  18:42  Ghost x2  
  173  18:44  Widow Mine x2  
  173  18:46  Marine x3  
  173  18:47  Widow Mine  
  173  18:48  Marine  
  174  18:49  Marine x2  
  174  18:53  Marine, Marauder  
  179  18:58  Marine  
  180  19:06  Widow Mine x2  
  180  19:08  Widow Mine  
  186  19:18  Marauder x2  
Show
View Real Time Build Order
Export as new Build Order

SHIN Zerg 

Build Orders: Hatch First 

Get SALT Encoding   

  12  0:00  Drone  
  13  0:08  Drone  
  14  0:16  Overlord  
  14  0:34  Drone x2  
  16  0:47  Hatchery  
  15  0:51  Drone  
  15  0:54  Drone  
  17  0:58  Drone  
  18  1:08  Extractor  
  17  1:13  Spawning Pool  
  17  1:16  Drone  
  17  1:20  Drone  
  18  1:28  Drone  
  19  1:39  Drone  
  20  1:50  Drone  
  21  2:00  Queen x2  
  21  2:01  Zergling x4  
  27  2:15  Overlord  
  27  2:16  Drone  
  28  2:23  Hatchery  
  28  2:25  Drone  
  28  2:30  Overlord  
  28  2:36  Drone x2  
  30  2:43  Queen  
  32  2:47  Drone  
  32  2:48  Drone  
  34  2:53  Drone  
  34  2:54  Drone  
  36  2:59  Queen  
  36  3:04  Drone  
  36  3:05  Drone  
  40  3:11  Drone x3  
  43  3:15  Overlord  
  43  3:17  Drone  
  44  3:33  Queen  
  46  3:34  Drone  
  46  3:35  Queen  
  46  3:36  Zergling x6  
  46  3:40  Zergling x2  
  55  3:41  Drone x3  
  55  3:44  Queen  
  58  3:49  Metabolic Boost  
  58  3:56  Overlord x2  
  58  3:58  Overlord  
  58  4:07  Overlord  
  58  4:15  Drone x9  
  67  4:19  Queen  
  67  4:21  Drone  
  70  4:25  Queen  
  70  4:26  Drone  
  70  4:28  Drone  
  70  4:30  Drone  
  75  4:33  Spore Crawler  
  75  4:37  Drone, Spore Crawler  
  75  4:38  Drone  
  75  4:39  Spore Crawler  
  75  4:44  Zergling x4  
  75  4:45  Drone x3  
  78  4:47  Drone  
  78  4:48  Drone  
  78  4:49  Drone  
  78  4:52  Drone  
  83  4:53  Drone  
  83  4:55  Lair  
  83  4:56  Extractor  
  83  4:57  Drone  
  83  5:03  Drone  
  83  5:04  Drone  
  83  5:05  Drone x2  
  83  5:06  Drone  
  88  5:09  Drone  
  88  5:12  Evolution Chamber  
  88  5:13  Drone x2  
  90  5:14  Drone, Evolution Chamber  
  90  5:18  Extractor, Baneling Nest  
  90  5:19  Drone x2  
  90  5:25  Drone, Hatchery  
  90  5:27  Extractor  
  89  5:30  Drone, Overlord  
  89  5:34  Overlord x2  
  90  5:37  Overlord  
  90  5:38  Overlord  
  90  5:43  Zerg Melee Weapons Level 1, Zerg Ground Armor Level 1  
  90  5:48  Drone  
  89  5:51  Zergling x12  
  89  5:55  Overseer  
  95  5:59  Zergling x12, Overseer  
  101  6:04  Centrifugal Hooks  
  101  6:06  Zergling x8  
  104  6:12  Extractor, Roach Warren  
  104  6:13  Zergling x4  
  104  6:18  Zergling x8  
  108  6:19  Overlord  
  108  6:27  Zergling x8  
  108  6:30  Overlord  
  113  6:32  Zergling x2  
  113  6:34  Baneling x13  
  113  6:38  Zergling x8  
  117  6:40  Zergling x2  
  117  6:42  Baneling  
  117  6:43  Zergling x4, Baneling x3  
  120  6:49  Zergling x10  
  120  6:53  Zergling x2  
  126  6:55  Overlord  
  126  6:56  Baneling x3  
  126  6:57  Baneling x3  
  126  6:59  Zergling x6  
  128  7:02  Zergling x4  
  128  7:06  Zergling x8  
  126  7:12  Zergling x14  
  103  7:17  Glial Reconstitution  
  103  7:19  Roach x3  
  106  7:23  Roach x2  
  106  7:25  Queen  
  106  7:27  Overseer  
  106  7:28  Baneling x3  
  112  7:33  Zergling x8  
  112  7:35  Drone x2  
  118  7:43  Ravager x2  
  120  7:48  Ravager  
  120  7:50  Zergling x20  
  131  7:55  Baneling  
  131  7:56  Baneling x3  
  129  7:59  Overlord x3  
  129  8:02  Overlord  
  123  8:09  Zergling x8  
  120  8:14  Overlord  
  120  8:17  Zerg Ground Armor Level 2  
  120  8:18  Ravager  
  120  8:19  Roach  
  125  8:20  Zergling x8, Roach  
  125  8:22  Drone x3  
  134  8:27  Zergling x2, Roach x2  
  134  8:31  Roach x2  
  134  8:32  Zergling x2  
  134  8:33  Roach  
  132  8:36  Baneling x4  
  132  8:40  Zergling x4, Roach  
  127  8:47  Roach x3  
  127  8:48  Roach  
  122  8:52  Roach x3  
  122  8:53  Zergling x2  
  121  8:58  Roach x3  
  121  9:02  Roach x2  
  121  9:06  Roach x2  
  121  9:07  Zergling x4  
  126  9:12  Ravager  
  126  9:14  Zergling x10  
  129  9:17  Roach  
  129  9:21  Zergling x4, Roach  
  123  9:28  Zergling x10, Roach  
  123  9:30  Roach  
  124  9:32  Zerg Missile Weapons Level 1  
  124  9:33  Drone  
  124  9:37  Drone x4  
  129  9:39  Drone  
  129  9:43  Drone x3  
  133  9:48  Infestation Pit  
  133  9:49  Drone  
  133  9:51  Spore Crawler  
  133  9:52  Ravager x2  
  134  9:53  Roach  
  134  9:54  Ravager  
  134  9:55  Ravager  
  134  9:56  Overlord  
  137  10:03  Drone x6  
  138  10:09  Zergling x8, Roach  
  144  10:14  Zergling x10  
  144  10:17  Extractor  
  144  10:18  Queen  
  150  10:26  Infestor x2  
  153  10:29  Overlord x2  
  153  10:31  Infestor  
  155  10:38  Overlord  
  155  10:39  Zergling x8  
  155  10:41  Overlord x3  
  159  10:51  Zergling x18  
  149  11:06  Roach x8  
  149  11:09  Drone  
  149  11:10  Roach  
  148  11:15  Hive  
  148  11:16  Hatchery  
  148  11:18  Zergling x2, Roach  
  150  11:20  Baneling x3  
  150  11:22  Ravager x2  
  150  11:24  Drone  
  153  11:28  Queen  
  153  11:31  Zergling x4  
  157  11:34  Roach  
  157  11:40  Roach x2  
  157  11:41  Roach  
  157  11:43  Infestor  
  157  11:44  Roach  
  163  11:49  Zergling x2  
  163  11:53  Roach  
  163  11:54  Roach  
  155  11:58  Roach  
  145  12:02  Roach  
  145  12:07  Roach x2  
  144  12:11  Roach  
  144  12:14  Roach, Hatchery  
  148  12:18  Roach  
  148  12:19  Queen  
  152  12:24  Zergling x2  
  152  12:26  Zergling x2, Ravager x4  
  152  12:28  Baneling x2  
  158  12:31  Baneling  
  158  12:32  Baneling  
  158  12:33  Drone x2  
  160  12:39  Roach x2  
  154  12:44  Roach, Queen  
  154  12:45  Queen  
  154  12:47  Roach x2  
  154  12:51  Roach x3  
  153  12:53  Roach  
  157  12:58  Roach  
  157  13:01  Roach  
  157  13:03  Extractor  
  157  13:05  Infestor  
  160  13:10  Zergling x2  
  160  13:12  Drone  
  161  13:15  Zergling x2  
  161  13:18  Hatchery  
  161  13:20  Zerg Melee Weapons Level 2, Ravager  
  162  13:28  Zergling x6, Extractor  
  162  13:29  Zergling x2  
  162  13:30  Zergling x4  
  162  13:31  Zergling x2  
  168  13:38  Baneling x4  
  169  13:48  Zergling x2  
  169  13:49  Zergling x16, Hatchery  
  169  13:52  Burrow  
  177  13:55  Ravager x2  
  177  13:58  Baneling x9  
  177  14:06  Zergling x10  
  182  14:13  Zerg Ground Armor Level 3  
  182  14:17  Baneling x4  
  182  14:22  Zergling x2, Extractor  
  182  14:23  Zergling x8  
  185  14:28  Zergling x8  
  170  14:39  Zergling x16  
  170  14:40  Zergling x2  
  170  14:44  Zergling x6  
  168  14:48  Infestor  
  168  14:51  Infestor  
  169  14:55  Hatchery  
  158  15:00  Zergling x4, Roach  
  158  15:01  Ultralisk Cavern  
  158  15:03  Infestor  
  160  15:11  Zergling x12  
  166  15:20  Zergling x12  
  166  15:21  Zergling x2  
  173  15:24  Drone x2  
  174  15:30  Infestor x2  
  174  15:33  Baneling x3  
  178  15:39  Zergling x6  
  178  15:42  Baneling x5  
  181  15:46  Zergling x4  
  183  15:54  Zergling x12  
  183  15:56  Baneling x3  
  187  15:57  Baneling  
  187  16:05  Zergling x12  
  187  16:06  Baneling  
  187  16:07  Baneling x2  
  193  16:17  Drone x4  
  196  16:24  Zergling x8  
  199  16:30  Chitinous Plating  
  198  16:36  Zergling x10  
  198  16:37  Baneling x10  
  198  16:38  Baneling  
  198  16:52  Zergling x10  
  197  16:57  Baneling x3  
  197  16:58  Baneling x7  
  197  16:59  Hatchery  
  197  17:00  Drone  
  197  17:01  Drone x2  
  199  17:06  Baneling x5  
  199  17:15  Drone  
  199  17:17  Baneling x12  
  199  17:21  Zergling x4  
  199  17:34  Zergling x14  
  199  17:38  Baneling x4  
  199  17:43  Zergling x24  
  199  17:44  Zergling x2  
  200  17:48  Zergling x6  
  200  17:49  Overseer  
  200  17:59  Infestor, Spore Crawler  
  200  18:00  Drone  
  200  18:14  Anabolic Synthesis  
  197  18:20  Drone x3  
  197  18:26  Zergling x4  
  199  18:38  Zergling x30  
  186  18:50  Zergling x2, Ultralisk x2  
  186  18:51  Overseer  
  186  18:52  Overseer  
  199  18:57  Spore Crawler  
  199  18:58  Spore Crawler  
  193  19:03  Infestor x2  
  193  19:04  Zergling x6  
  193  19:07  Overseer x3  
  193  19:08  Baneling  
  193  19:09  Baneling x39  
  199  19:14  Zergling x6  
  196  19:21  Zergling x14  

Tags
 
Add a new tag
Caveats
  • Supply blocks, unpowered buildings, or Contaminate may cause inaccurate times.
  • Supply counts are checked every 10 seconds.